 Dungeon Crawl Stone Soup version 0.23.2 (webtiles) character file.

Game seed: 11936978751808885013

115 Borgoz the Cutter (level 5, -5/32 HPs)
             Began as a Kobold Gladiator on Apr 9, 2019.
             Slain by a gnoll
             ... wielding a +0 halberd
              (8 damage)
             ... on level 3 of the Dungeon.
             The game lasted 00:02:34 (1784 turns).

Borgoz the Cutter (Kobold Gladiator)                Turns: 1784, Time: 00:02:35

Health: -5/32      AC:  4    Str:  9 (12) XL:     5   Next: 20%
Magic:  5/5        EV: 16    Int: 12 (14) God:
Gold:   92         SH:  0    Dex: 14 (17) Spells: 4/4 levels left

rFire    . . .     SeeInvis .   a - +0 rapier
rCold    . . .     Gourm    .   (shield restricted)
rNeg     . . .     Faith    .   b - +0 leather armour
rPois    .         Spirit   .   c - +0 helmet
rElec    .         Reflect  .   (no cloak)
rCorr    .         Harm     .   (no gloves)
MR       .....                  (no boots)
Stlth    ++........             (no amulet)
HPRegen  0.10/turn              (no ring)
MPRegen  0.09/turn              (no ring)

@: brilliant
A: small, carnivore
a: no special abilities


You were on level 3 of the Dungeon.
You were completely stuffed.

You visited 1 branch of the dungeon, and saw 3 of its levels.

You collected 92 gold pieces.

Inventory:

Hand Weapons
 a - a +0 rapier (weapon)
Missiles
 g - 2 throwing nets (quivered)
 p - 2 tomahawks
Armour
 b - a +0 leather armour (worn)
 c - a +0 helmet (worn)
Jewellery
 i - an uncursed amulet of faith
Scrolls
 e - 3 scrolls of amnesia {unknown}
 l - 2 scrolls of identify {unknown}
 m - 2 scrolls of enchant armour {unknown}
 o - a scroll of remove curse {unknown}
Potions
 k - a potion of haste
 n - a potion of lignification {unknown}
Comestibles
 f - a ration


   Skills:
 + Level 3.0 Fighting
 + Level 4.7 Short Blades
 - Level 2.1 Throwing
 * Level 1.9 Armour
 + Level 4.2 Dodging
 + Level 2.1 Stealth


You had 4 spell levels left.
You didn't know any spells.
Your spell library was empty.

Dungeon Overview and Level Annotations

Branches:
Dungeon (3/15)

Altars:

Annotations:
D:2 Sigmund


Innate Abilities, Weirdness & Mutations

You are small and have problems with some larger weapons.
You are carnivorous and can eat meat at any time.


Message History

You hit the hobgoblin.
The hobgoblin is almost dead.
The gnoll barely misses you. The hobgoblin barely misses you.
You hit the gnoll.
The gnoll is heavily wounded.
The gnoll hits you with a +0 halberd!
The hobgoblin hits you but does no damage.
You barely miss the gnoll.
The gnoll is heavily wounded.
The gnoll barely misses you. The hobgoblin barely misses you.
You barely miss the gnoll.
The gnoll is heavily wounded.
The gnoll misses you. The hobgoblin hits you.
* * * LOW HITPOINT WARNING * * *
It was a potion of brilliance.
You feel clever all of a sudden. The hobgoblin hits you.
* * * LOW HITPOINT WARNING * * *
The gnoll hits you with a +0 halberd!
You die...

. ## ..###.
......######
..........>
#......g#
#....g@<#
#.......#
#########


You could see a gnoll and a hobgoblin.

Vanquished Creatures
  A gnoll (D:2)
  5 adders
  A worm (D:2)
  3 dart slugs
  4 leopard geckos
  An orc (D:3)
  A ball python (D:2)
  3 giant cockroaches (D:2)
  6 goblins
  7 hobgoblins
  A jackal (D:1)
  3 bats
  3 frilled lizards
  6 kobolds
  4 rats
49 creatures vanquished.

Notes
Turn   | Place    | Note
-------+----------+-------------------------------------------
     0 | D:1      | Borgoz the Kobold Gladiator began the quest for the Orb.
     0 | D:1      | Reached XP level 1. HP: 12/12 MP: 1/1
    72 | D:1      | Reached XP level 2. HP: 9/17 MP: 2/2
   565 | D:1      | Reached skill level 1 in Stealth
   655 | D:1      | Reached skill level 1 in Armour
   655 | D:1      | Reached XP level 3. HP: 22/22 MP: 3/3
  1204 | D:2      | Reached XP level 4. HP: 27/27 MP: 4/4
  1509 | D:2      | Reached XP level 5. HP: 26/32 MP: 5/5
  1528 | D:2      | Noticed Sigmund
  1538 | D:2      | HP: 1/32 [something (13)]
  1784 | D:3      | Slain by a gnoll

Skill      XL: |  1  2  3  4 |
---------------+-------------+-----
Stealth        | 1 2 |  2.1
Armour         | 1 |  1.9
Dodging        | 4 |  4.2
Fighting       | 3 |  3.0
Short Blades   | |  4.7
Throwing       | |  2.1

Action                   |  1- 3 |  4- 6 || total
-------------------------+-------+-------++-------
Melee: Rapier            |   116 |    65 ||   181
Throw: Throwing net      |     3 |       ||     3
  Use: Potion            |       |     4 ||     4
 Stab: Sleeping          |     2 |     3 ||     5
       Held in net/web   |     1 |       ||     1
  Eat: Chunk             |     9 |     2 ||    11
Armor: Leather armour    |    21 |    18 ||    39
Dodge: Dodged            |   117 |    72 ||   189
